 Dungeon Crawl Stone Soup version 0.31-a0-1074-g0b22e4e0f1 (webtiles) character file.

Game seed: 15212359865540223268

8451 lunkers the Brawler (level 11, -2/82 HPs)
             Began as a Meteoran Shapeshifter on Dec 1, 2023.
             Was an Initiate of Gozag.
             Slain by a troll (6 damage)
             ... on level 12 of the Dungeon on Dec 4, 2023.
             The game lasted 00:11:50 (4783 turns).

lunkers the Brawler (Meteoran Shapeshifter)         Turns: 4783, Time: 00:11:50

Health: -2/82      AC: 11    Str: 18    XL:     11   Next: 85%
Magic:  12/12      EV: 12    Int: 12    God:    Gozag
Gold:   1500       SH:  0    Dex: 19    Spells: 10/10 levels left

rFire   . .          .
                       - Unarmed
rCold   . . .        (shield currently unavailable)
rNeg    + . .        v - +1 ring mail {rN+}
rPois   .            (no helmet)
rElec   .            (no cloak)
rCorr   .            u - +0 pair of fencer's gloves {Riposte Dex+3}
SInv    .            (no boots)
Will    +....        (no amulet)
Stlth   +            i - +4 ring of slaying
HPRegen 0.33/turn    r - +4 ring of protection
MPRegen 0.13/turn

%: no passive effects
@: flux-form, glowing
A: glow, contaminating, sense surroundings 2, otherworldly, glowing, explore
regen
a: Begin Untransformation, Renounce Religion, Potion Petition, Call Merchant,
Bribe Branch


You were on level 12 of the Dungeon.
You worshipped Gozag.
Gozag was most pleased with you.
You were something dangerously unstable.
You visited 1 branch of the dungeon, and saw 12 of its levels.

You collected 1591 gold pieces.
You paid 91 gold pieces to Gozag.

Inventory:

Hand Weapons
 t - a +0 giant club
Armour
 g - a +1 ring mail
 q - a +0 buckler
 s - a +0 buckler
 u - the +0 pair of fencer's gloves (worn) {Riposte Dex+3}
   (You found it on level 4 of the Dungeon)

   Riposte:   It allows the wearer to riposte with melee weapons, swiftly
   retaliating against missed or blocked melee attacks.
   Dex+3:     It affects your dexterity (+3).
 v - a +1 ring mail of positive energy (worn)
 z - the +3 pair of gloves "Amar" {rN+ Int+2}
   (You found it on level 5 of the Dungeon)

   Int+2:     It affects your intelligence (+2).
   rN+:       It protects you from negative energy.
Jewellery
 i - a +4 ring of slaying (left hand)
 r - a +4 ring of protection (right hand)
 A - a ring of wizardry
Talismans
 c - a beast talisman
 d - a flux talisman (active)
Wands
 f - a wand of mindburst (22)
 h - a wand of flame (4)
 n - a wand of light (2)
Scrolls
 a - a scroll of vulnerability
 k - 3 scrolls of revelation
 l - 2 scrolls of fog
 p - a scroll of blinking
 y - a scroll of noise
Potions
 b - a potion of lignification
 e - 4 potions of curing
 j - a potion of mutation {unknown}
 m - 2 potions of might
 o - 5 potions of magic
 w - a potion of brilliance


   Skills:
 + Level 3.2 Fighting
 + Level 3.7 Dodging
 * Level 16.3 Unarmed Combat
 + Level 11.3 Shapeshifting


You had 10 spell levels left.
You didn't know any spells.
Your spell library contained the following spells:

 Spells                   Type           Power      Damage    Failure   Level
 Static Discharge         Conj/Air       0%         3-3/arc   65%         2
 Call Canine Familiar     Summ           0%         N/A       87%         3
 Sigil of Binding         Hex            0%         N/A       87%         3
 Airstrike                Air            0%         2d(0-16)  99%         4
 Dimensional Bullseye     Hex/Tloc       0%         N/A       99%         4
 Leda's Liquefaction      Hex/Erth       0%         N/A       99%         4
 Summon Lightning Spire   Summ/Air       0%         N/A       99%         4
 Summon Forest            Summ/Tloc      0%         N/A       100%        5
 Summon Mana Viper        Hex/Summ       0%         N/A       100%        5
 Summon Cactus Giant      Summ           0%         N/A       100%        6


Dungeon Overview and Level Annotations

Branches:
Dungeon (12/15) Zot: 2517  Temple (0/1) D:5             Orc (0/2) D:11
   Lair: D:8-11

Altars:
Ashenzari
Fedhas
Gozag
Nemelex Xobeh
Okawaru
Trog
Uskayaw
Vehumet
Wu Jian
Xom
The Shining One


Innate Abilities, Weirdness & Mutations

You are something dangerously unstable.
You glow with magical radiation, making you easy to see and hit.
Foes you strike become dangerously contaminated with magical radiation.
You are incapable of wielding weapons or throwing items.
You passively map the area around you.
You are easily found by Zot.
You glow in the dark.
You regain HP and MP as you explore.


Message History

The two-headed ogre hits you with a +0 giant club!!
* * * LOW HITPOINT WARNING * * *
You punch the two-headed ogre!
The two-headed ogre shudders as magic cascades through it!!
The two-headed ogre twists and deforms.
The two-headed ogre is almost dead.
You punch the two-headed ogre!
You kill the two-headed ogre!
Your Fighting skill increases to level 3!
Things that are here:
7 gold pieces; a +0 heavy morningstar You punch the troll!
The troll begins to glow.
The troll is lightly wounded.
You punch the troll!
The troll glows dangerously bright.
The troll is moderately wounded.
The troll bites you!
* * * LOW HITPOINT WARNING * * *
The troll barely misses you. The troll closely misses you.
You punch the troll!
The troll shudders as magic cascades through it!
The troll twists and deforms.
The troll is almost dead.
The troll misses you.
You riposte.
You completely miss the troll.
The troll is almost dead.
The troll claws you!
* * * LOW HITPOINT WARNING * * *
The troll misses you.
You closely miss the troll.
The troll is almost dead.
You barely miss the troll.
The troll is almost dead.
The troll bites you but does no damage. The troll claws you!
* * * LOW HITPOINT WARNING * * *
The troll claws you but does no damage.
You hit the troll.
The troll begins to glow.
The troll is almost dead.
The troll barely misses you. The troll claws you but does no damage.
The troll claws you.
You die...
Your body crumbles into a pile of gold.

* ......., ,
......$, *,
....... * *,
*......#
#####......# ,
#$.[.......# ,*
, #....$....# *
,, #.........##
,* ##..$pT......
*, #.....:......
** ****
#..........>., ,
###..........##
* *
##........#####
, * ##..#......#
, * *
#..###.....# , ,
#.####....?.. ,
*, ,
#.#..........#**
* * *


You could see a troll (contam, misshapen).

Vanquished Creatures
  A two-headed ogre (D:12)
  A cyclops (D:11)
  Jeremiah (D:8)
  A gargoyle (D:12)
  5 kobold demonologists
  4 trolls
  2 wraiths
  4 yaks (D:9)
  A steam dragon (D:6)
  An acid dragon (D:11)
  3 orc warriors
  A sky beast (D:7)
  A black bear (D:7)
  3 centaurs
  3 ogres
  5 kobold brigands
  2 bullfrogs
  A gnoll sergeant (D:9)
  A scorpion (D:5)
  17 wights
  7 killer bees
  2 howler monkeys
  3 hounds
  8 orc priests
  2 jellies
  2 sleepcaps (D:6)
  An iguana (D:6)
  9 orc wizards
  6 gnolls
  4 adders
  A shadow imp (D:6)
  3 white imps
  2 worms (D:3)
  4 dart slugs
  35 orcs
  4 ball pythons
  5 endoplasms
  A giant cockroach (D:2)
  3 goblins (D:2)
  2 hobgoblins (D:4)
  12 kobolds
  A quokka (D:2)
  2 bats (D:2)
  A frilled lizard (D:2)
  6 rats
184 creatures vanquished.

Notes
Turn   | Place    | Note
-------+----------+-------------------------------------------
     0 | D:1      | lunkers the Meteoran Shapeshifter began the quest for the
                  | Orb.
     0 | D:1      | Reached XP level 1. HP: 16/16 MP: 2/2
   117 | D:1      | Found a faded altar of an unknown god.
   201 | D:1      | Reached XP level 2. HP: 23/23 MP: 3/3
   260 | D:1      | Reached skill level 4 in Unarmed Combat
   382 | D:2      | Reached XP level 3. HP: 28/28 MP: 4/4
   676 | D:3      | Identified the staff of the Manifold Realms {rF+ Earth}
   698 | D:3      | Reached XP level 4. HP: 35/35 MP: 5/5
   713 | D:3      | Noticed a moth of wrath
   716 | D:3      | Found a bloodstained altar of Trog.
   753 | D:3      | Reached skill level 5 in Unarmed Combat
   832 | D:3      | Reached XP level 5. HP: 38/40 MP: 6/6
   898 | D:4      | Found a sparkling altar of Nemelex Xobeh.
  1123 | D:4      | Found the +0 pair of fencer's gloves {Riposte Dex+3}
  1131 | D:4      | Noticed an ogre
  1135 | D:4      | Killed an ogre
  1136 | D:4      | Reached skill level 6 in Unarmed Combat
  1136 | D:4      | Reached skill level 5 in Shapeshifting
  1136 | D:4      | Reached XP level 6. HP: 47/47 MP: 7/7
  1255 | D:4      | Noticed an ogre
  1260 | D:4      | Killed an ogre
  1261 | D:4      | Reached skill level 7 in Unarmed Combat
  1261 | D:4      | Reached XP level 7. HP: 20/52 MP: 8/8
  1444 | D:5      | Entered Level 5 of the Dungeon
  1455 | D:5      | Found an ornate altar of the Wu Jian Council.
  1504 | D:5      | Identified the +3 pair of gloves "Amar" {rN+ Int+2}
  1548 | D:5      | Found an opulent altar of Gozag.
  1557 | D:5      | Found a staircase to the Ecumenical Temple.
  1566 | D:5      | Became a worshipper of Gozag Ym Sagoz the Greedy
  1665 | D:5      | Found an iron altar of Okawaru.
  1724 | D:5      | You fall into a shaft and drop 1 floor!
  1763 | D:6      | Noticed a steam dragon
  1772 | D:6      | HP: 2/44 [steam dragon (1)]
  1773 | D:6      | Killed a steam dragon
  1774 | D:6      | Reached skill level 8 in Unarmed Combat
  1858 | D:6      | Reached XP level 8. HP: 49/59 MP: 9/9
  1958 | D:6      | Reached skill level 9 in Unarmed Combat
  2062 | D:7      | Found a hide-covered altar of Uskayaw.
  2150 | D:7      | Reached skill level 10 in Unarmed Combat
  2159 | D:7      | Gained mutation: You passively map the area around you.
                  | [Meteoran growth]
  2159 | D:7      | Reached XP level 9. HP: 54/64 MP: 10/10
  2287 | D:7      | Reached skill level 11 in Unarmed Combat
  2464 | D:7      | Found a radiant altar of Vehumet.
  2557 | D:7      | Reached skill level 12 in Unarmed Combat
  2677 | D:8      | Noticed Jeremiah
  2697 | D:8      | Reached XP level 10. HP: 57/70 MP: 11/11
  2704 | D:8      | Killed Jeremiah
  2782 | D:8      | Found a shimmering altar of Xom.
  3080 | D:8      | Reached skill level 13 in Unarmed Combat
  3175 | D:8      | Found a blossoming altar of Fedhas.
  3465 | D:9      | Found a glowing golden altar of the Shining One.
  3548 | D:9      | Found a broken altar of Ashenzari.
  3602 | D:9      | Reached skill level 14 in Unarmed Combat
  3609 | D:9      | Reached skill level 10 in Shapeshifting
  3746 | D:9      | Noticed a kobold demonologist
  3748 | D:9      | Noticed a kobold demonologist
  3749 | D:9      | Noticed a kobold demonologist
  3765 | D:9      | Killed a kobold demonologist
  3766 | D:9      | Reached XP level 11. HP: 60/77 MP: 12/12
  3780 | D:9      | Reached skill level 15 in Unarmed Combat
  3866 | D:10     | Entered Level 10 of the Dungeon
  4059 | D:10     | Identified the +0 pair of boots "Belep" {rCorr Str+2 Int+3}
  4452 | D:11     | Noticed a cyclops
  4464 | D:11     | Reached skill level 16 in Unarmed Combat
  4472 | D:11     | Killed a cyclops
  4554 | D:11     | Found a staircase to the Orcish Mines.
  4766 | D:12     | Noticed a two-headed ogre
  4775 | D:12     | Killed a two-headed ogre
  4782 | D:12     | HP: 3/82 [troll (8)]
  4783 | D:12     | Slain by a troll

Illustrated notes

Levels and vault maps discovered:
D:1:      scummos_arrival_hexagon, layout_loops_ring, serial_co_window_serial,
          co_window_corner_a, co_window_corner_a, co_window_paths_a,
          co_window_paths_a, co_window_paths_a, co_window_of_opportunity_c,
          co_window_corner_b, co_window_corner_cb, co_window_broadway_a,
          co_window_unsneaky_path_c, co_window_4corner_a, co_window_4corner_b,
          glass_columns_b, glass_columns_a, glass_columns_a, glass_columns_a,
          glass_columns_a, ebering_ecumenical_altar_abandoned,
          minmay_pentomino_q4
D:2:      layout_rooms
D:3:      layout_rooms, tgw_trog, minivault_27
D:4:      layout_loops_ring, general_overflow_altar
D:5:      layout_rooms, nicolae_overflow_crystal_walls, kennysheep_mini,
          pdpol_wu_jian_five_deadly_venoms, minmay_temple_entry_overgrown
D:6:      layout_layer_cave
D:7:      layout_basic, overflow_temple_1_default,
          mainiacjoe_overflow_concentric_impassable, st_stairs_9
D:8:      layout_layer_cave, lemuel_tele_altar, mainiacjoe_overflow_catwalk,
          serial_rivers, chequers_serial_rivers_large_b,
          chequers_serial_rivers_marsh, chequers_serial_rivers_micro_b,
          chequers_serial_rivers_marsh, uniq_jeremiah
D:9:      layout_stronghold, tso_metal_star, mainiacjoe_overflow_chevrons,
          serial_column_ruins, column_ruins_open_medium, column_ruins_grid_3,
          column_ruins_columns_straight, column_ruins_grid_1,
          column_ruins_open_small, column_ruins_grid_1
D:10:     layout_stronghold, lair_entry_dummy
D:11:     layout_loops_ring, hiddenorc2_lemuel, kennysheep_nondescript
D:12:     minmay_chopped_fan, layout_rooms, uniq_gastronok, uniq_lodul,
          uniq_psyche

Skill      XL: |  1  2  3  4  5  6  7  8  9 10 11 |
---------------+----------------------------------+-----
Unarmed Combat | 4 5 6 7 8 10 12 14 16 | 16.3
Shapeshifting  | 4 5 6 7 8 10 11 | 11.3
Fighting       | 3 |  3.2
Dodging        | 3 |  3.7

Action                     |  1- 3 |  4- 6 |  7- 9 | 10-12 || total
---------------------------+-------+-------+-------+-------++-------
  Melee: Unarmed           |    60 |    53 |   183 |   253 ||   549
         Punch             |     1 |     1 |       |       ||     2
  Evoke: Wand              |       |       |       |     1 ||     1
    Use: Scroll            |       |       |    12 |     3 ||    15
         Potion            |       |       |     2 |       ||     2
   Stab: Distracted        |       |       |       |     2 ||     2
 Armour: Ring mail         |    29 |    23 |   112 |   165 ||   329
  Dodge: Dodged            |    32 |    30 |    97 |   103 ||   262
Riposte: Unarmed           |       |     1 |    33 |    20 ||    54
   Form: Flux              |       |     1 |       |       ||     1

Table legend: (Time is in decaauts)
 A = Elapsed time spent in this place.
 B = Non-inter-level travel time spent in this place.
 C = Inter-level travel time spent in this place.
 D = Time resting spent in this place.
 E = Time spent auto-exploring this place.
 F = Levels seen in this place.
 G = Mean time per level.
                   A        B        C        D        E       F      G
               +--------+--------+--------+--------+--------+-----+--------+
         Total |   4681 |   4456 |    225 |      0 |   3163 |  12 |  390.1 |
       Dungeon |   4681 |   4456 |    225 |      0 |   3163 |  12 |  390.1 |
               +--------+--------+--------+--------+--------+-----+--------+

Top non-repeatable levels by time:
     D:9: 627 daAuts
     D:8: 590 daAuts
     D:4: 557 daAuts
     D:7: 545 daAuts
    D:10: 514 daAuts
    D:11: 339 daAuts
     D:6: 315 daAuts
     D:1: 313 daAuts
     D:3: 307 daAuts
     D:5: 278 daAuts
     D:2: 253 daAuts
    D:12: 37 daAuts
